 Dungeon Crawl Stone Soup version 0.28.0-45-g0d030f2227 (webtiles) character file.

Game seed: 2987035073376714653

127 Diomare the Caller (level 5, -3/24 HPs)
             Began as a Vine Stalker Summoner on Apr 15, 2022.
             Slain by an orc
             ... wielding a +0 war axe
              (6 damage)
             ... on level 4 of the Dungeon.
             The game lasted 00:26:25 (3865 turns).

Diomare the Caller (Vine Stalker Summoner)          Turns: 3865, Time: 00:26:26

Health: -3/24      AC:  6    Str: 10    XL:     5   Next: 11%
Magic:  0/12       EV:  8    Int: 17    God:
Gold:   65         SH:  0    Dex: 15    Spells: 8/12 levels left

rFire   . . .      SeeInvis .   b - +0 club
rCold   . . .      Faith    .   (no shield)
rNeg    . . .      Spirit   +   j - +0 scale mail
rPois   .          Reflect  .   (no helmet)
rElec   .          Harm     .   (no cloak)
rCorr   .          Rampage  .   (no gloves)
Will    .....                   (no boots)
Stlth   +.........              (no amulet)
HPRegen 0.88/turn               (no ring)
MPRegen 0.13/turn               (no ring)

@: no status effects
A: fangs 2, regeneration 1, magic shield, antimagic bite, no potion heal 2
a: no special abilities


You were on level 4 of the Dungeon.
You visited 1 branch of the dungeon, and saw 5 of its levels.

You collected 87 gold pieces.
You spent 22 gold pieces at shops.

Inventory:

Hand Weapons
 b - a +0 club (weapon)
Armour
 j - a +0 scale mail (worn)
Jewellery
 h - a ring of protection from fire
Wands
 e - a wand of iceblast (4)
Scrolls
 c - 3 scrolls of noise
 d - 2 scrolls of teleportation {unknown}
 f - a scroll of fear {unknown}
 g - 3 scrolls of identify
 i - a scroll of immolation
Potions
 a - a potion of lignification {unknown}


   Skills:
 + Level 0.2 Fighting
 + Level 1.8 Dodging
 + Level 2.9 Stealth
 * Level 4.0 Spellcasting
 * Level 4.8 Summonings


You had 8 spell levels left.
You knew the following spells:

 Your Spells              Type           Power      Damage    Failure   Level
a - Summon Small Mammal   Summ           76%        N/A       16%         1
b - Call Canine Familiar  Summ           19%        N/A       43%         3

Your spell library contained the following spells:

 Spells                   Type           Power      Damage    Failure   Level
 Call Imp                 Summ           19%        N/A       24%         2
 Summon Guardian Golem    Hex/Summ       11%        N/A       77%         3
 Confusing Touch          Hex            3%         N/A       98%         3
 Summon Lightning Spire   Summ/Air       11%        N/A       99%         4
 Yara's Violent Unravell  Hex/Tmut       1%         3d3       100%        5
 Enfeeble                 Hex            1%         N/A       100%        7


Dungeon Overview and Level Annotations

Branches:
Dungeon (5/15)
 Temple: D:4-7

Altars:
Gozag

Shops:
D:1 ?


Innate Abilities, Weirdness & Mutations

You have extremely sharp teeth.
Your natural rate of healing is unusually fast.
When hurt, damage is shared between your health and your magic reserves.
Your bite disrupts and absorbs the magic of your enemies.
Potions cannot restore your health.


Message History

The white imp barely misses you.
Your quokka barely misses the white imp.
The white imp closely misses you. The sky beast hits your quokka.
The sky beast shocks your quokka.
Your quokka dies!
Your quokka's corpse disappears in a puff of smoke!
The water moccasin zombie barely misses you.
The ufetubus closely misses you.
The ufetubus hits you but does no damage.
The water moccasin zombie bites you but does no damage.
The white imp gestures at you. The puff of frost hits you!
An orc wizard appears from thin air!
The sky beast flickers out of sight!
Deactivating autopickup; reactivate with Ctrl-A.
A sky beast appears from thin air!
Reactivating autopickup.
The white imp gestures at you. The puff of frost hits you.
The sky beast flickers out of sight!
Deactivating autopickup; reactivate with Ctrl-A.
A sky beast appears from thin air!
Reactivating autopickup.
Things that are here:
a +0 flail; a +0 ring mail; an orc corpse The white imp gestures at you.
The puff of frost hits you! The orc hits you with a +0 dagger.
* * * LOW HITPOINT WARNING * * *
There is a stone staircase leading up, spattered with blood here.
You can't go down here!
The white imp gestures at you. The puff of frost hits you.
* * * LOW HITPOINT WARNING * * *
The orc hits you with a +0 dagger.
* * * LOW HITPOINT WARNING * * *
You climb upwards.
You hear the hiss of flowing sand.
There is an entrance to an ossuary on this level.
Hurry and find it before the portal is buried!
You hear the hiss of an avalanche of sand nearby.
The worm barely misses you. The orc hits you with a +0 war axe!
You die...

#....##..................
.........###.............
.$.##....................
........)..............
.......†............#
.###..######.)....#.# #
#### ##.......##
##.......).# #.......@w##
##.....oo.#
###...#.......
###....###......
###........###.....
###.......#.## ##...
#...#........# #..
#...#.#........ ..
##....##........


You could see a worm and 2 orcs.

Vanquished Creatures
  3 adders
  A worm (D:2)
  A dart slug (D:1)
  An orc (D:2)
  A ball python (D:2)
  2 endoplasms
  A giant cockroach (D:1)
  A hobgoblin (D:1)
  A frilled lizard (D:1)
  A kobold (D:1)
  3 rats
16 creatures vanquished.

Vanquished Creatures (collateral kills)
  A hound (D:3)
  An adder (D:3)
  A dart slug (D:2)
  3 orcs
  4 bats
  4 endoplasms (D:1)
  2 giant cockroaches
  2 hobgoblins
  4 kobolds
  A quokka (D:1)
  4 ball pythons
  4 frilled lizards
  4 goblins
  4 rats
39 creatures vanquished.

Grand Total: 55 creatures vanquished

Notes
Turn   | Place    | Note
-------+----------+-------------------------------------------
     0 | D:1      | Diomare the Vine Stalker Summoner began the quest for the
                  | Orb.
     0 | D:1      | Reached XP level 1. HP: 9/9 MP: 4/4
   260 | D:1      | Reached XP level 2. HP: 8/13 MP: 0/6
   561 | D:1      | Found Ahaofig's Magic Scroll Boutique.
   585 | D:1      | You fall into a shaft and drop 1 floor!
  1215 | D:2      | Found a faded altar of an unknown god.
  1364 | D:1      | Reached XP level 3. HP: 16/16 MP: 5/7
  1368 | D:1      | Learned a level 3 spell: Call Canine Familiar
  1513 | D:1      | Bought a scroll of identify for 22 gold pieces
  2575 | D:2      | Found an opulent altar of Gozag.
  3186 | D:3      | Noticed a nameless horror
  3222 | D:2      | Gained mutation: Your natural rate of healing is unusually
                  | fast. [Vine Stalker growth]
  3222 | D:2      | Reached XP level 4. HP: 3/21 MP: 3/9
  3416 | D:2      | Noticed a nameless horror
  3608 | D:3      | You fall into a shaft and drop 2 floors!
  3608 | D:5      | Entered Level 5 of the Dungeon
  3608 | D:5      | Noticed a sky beast
  3608 | D:5      | Noticed a sky beast
  3647 | D:5      | Noticed a black bear
  3751 | D:4      | Reached XP level 5. HP: 24/24 MP: 9/11
  3865 | D:4      | Slain by an orc

Illustrated notes

Levels and vault maps discovered:
D:1:      matt_arrival_grand_opening, layout_loops_ring, serial_shops,
          shop_scrolls
D:2:      layout_basic, hellmonk_ecumenical_altar_blasted, basic_altar
D:3:      layout_rooms, nicolae_hepliaklqana_hippocampus, minivault_14,
          columned_hall_lemuel, chequers_serial_rivers_micro_d
D:4:      kennysheep_big_flooded_room, layout_cave_pools,
          minmay_temple_entry_arrows, chequers_ossuary_entry_cave, minmay_bent,
          uniq_robin
D:5:      layout_basic, grunt_ministairs_9, st_stairs_7,
          chequers_decorated_corner, kennysheep_generic_room_9

Skill      XL: |  1  2  3  4  5 |
---------------+----------------+-----
Spellcasting   | 3 4 |  4.0
Fighting       | |  0.2
Dodging        | |  1.8
Stealth        | |  2.9
Summonings     | |  4.8

Action                   |  1- 3 |  4- 6 || total
-------------------------+-------+-------++-------
Melee: Club              |    39 |    28 ||    67
       Bite              |    10 |     8 ||    18
       Punch             |     1 |     1 ||     2
 Cast: Summon Small Mamm |    33 |    27 ||    60
       Call Canine Famil |    10 |     1 ||    11
  Use: Scroll            |     1 |       ||     1
 Stab: Distracted        |       |     1 ||     1
Armor: Robe              |    17 |       ||    17
       Ring mail         |     3 |       ||     3
       Scale mail        |       |   123 ||   123
Dodge: Dodged            |    46 |   110 ||   156
